 Dungeon Crawl Stone Soup version 0.22-a0-166-g5351223 (webtiles) character file.

6404 Azzok the Fighter (level 10, -9/73 HPs)
             Began as a Gargoyle Fighter on Feb 13, 2018.
             Was a High Priest of Okawaru.
             Mangled by a hornet simulacrum (13 damage)
             ... on level 9 of the Dungeon.
             The game lasted 00:15:35 (6119 turns).

Azzok the Fighter (Gargoyle Fighter)                Turns: 6119, Time: 00:15:36

Health: -9/73      AC: 21    Str: 22    XL:     10   Next: 98%
Magic:  18/18      EV:  6    Int: 10    God:    Okawaru [*****.]
Gold:   412        SH:  0    Dex:  9    Spells: 9/9 levels left

rFire    + . .     SeeInvis .   a - +0 long sword
rCold    . . .     Gourm    .   (no shield)
rNeg     + + +     Faith    .   M - +0 plate armour
rPois    ∞         Spirit   .   y - +0 helmet
rElec    +         Reflect  .   (no cloak)
rCorr    .         Harm     .   D - +0 pair of gloves
MR       .....                  W - -1 pair of boots of Otusox {rN++}
Stlth    ..........             g - amulet of regeneration
HPRegen  0.62/turn              C - ring of protection from fire
MPRegen  0.16/turn              (no ring)

@: no status effects
A: talons 1, negative energy resistance 1, electricity resistance, unbreathing,
petrification resistance, rot immunity, AC +7
a: Heroism, Finesse, Renounce Religion


You were on level 9 of the Dungeon.
You worshipped Okawaru.
Okawaru was extremely pleased with you.
You were hungry.

You visited 2 branches of the dungeon, and saw 10 of its levels.

You collected 412 gold pieces.

Inventory:

Hand Weapons
 a - a +0 long sword (weapon)
 b - a +2 dagger of venom
 I - a +0 hand axe of flaming
 O - a +0 shortbow
 T - a +1 dagger of speed
Missiles
 n - 69 arrows
Armour
 c - a +0 shield
 y - a +0 helmet (worn)
 D - a +0 pair of gloves (worn)
 M - a +0 plate armour (worn)
 W - the -1 pair of boots of Otusox (worn) {rN++}
   (Okawaru gifted it to you on level 9 of the Dungeon)

   It greatly protects you from negative energy.
Jewellery
 g - an amulet of regeneration (around neck)
 C - a ring of protection from fire (left hand)
 V - an uncursed ring of ice
Wands
 B - a wand of scattershot (5)
 L - a wand of disintegration (14)
Scrolls
 e - 4 scrolls of enchant armour {unknown}
 k - 8 scrolls of identify {unknown}
 l - 3 scrolls of amnesia {unknown}
 o - a scroll of blinking {unknown}
 q - 5 scrolls of teleportation {unknown}
 r - a scroll of noise {unknown}
 u - 3 scrolls of remove curse {unknown}
 x - 2 scrolls of random uselessness {unknown}
 A - 2 scrolls of fog {unknown}
 F - 2 scrolls of enchant weapon {unknown}
 K - a scroll of fear {unknown}
 N - a scroll of brand weapon {unknown}
 Q - a scroll of immolation {unknown}
Potions
 d - 2 potions of might
 h - a potion of mutation {unknown}
 i - 3 potions of brilliance {unknown}
 j - 3 potions of curing
 m - 2 potions of lignification {unknown}
 p - 2 potions of invisibility {unknown}
 s - a potion of resistance {unknown}
 t - a potion of agility {unknown}
 v - a potion of magic {unknown}
 w - 3 potions of degeneration {unknown}
 z - a potion of berserk rage {unknown}
 E - a potion of cancellation {unknown}
 G - a potion of heal wounds {unknown}
 J - a potion of haste
 R - a potion of flight {unknown}
 S - a potion of ambrosia {unknown}
Books
 H - a book of Misfortune

   Spells                             Type                      Level
   a - Confusing Touch                Hexes                        1
   b - Confuse                        Hexes                        3
   c - Gell's Gravitas                Translocation                3
   d - Petrify                        Transmutation/Earth          4
   e - Metabolic Englaciation         Hexes/Ice                    5
   f - Yara's Violent Unravelling     Hexes/Transmutation          5
 P - a book of Maledictions

   Spells                             Type                      Level
   a - Corona                         Hexes                        1
   b - Ensorcelled Hibernation        Hexes/Ice                    2
   c - Confuse                        Hexes                        3
   d - Tukima's Dance                 Hexes                        3
   e - Dazzling Spray                 Conjuration/Hexes            3
Comestibles
 f - 5 rations


   Skills:
 - Level 13.0 Fighting
 - Level 1.7 Long Blades
 + Level 3.9 Bows
 - Level 3.2 Armour
 - Level 3.2 Shields
 - Level 11.1 Invocations


You had 9 spell levels left.
You didn't know any spells.

Dungeon Overview and Level Annotations

Branches:
Dungeon (9/15)             Temple (1/1) D:4
   Lair: D:8-11         Orc: D:9-12

Altars:
Ashenzari
Cheibriados
Dithmenos
Elyvilon
Fedhas
Gozag
Hepliaklqana
Kikubaaqudgha
Makhleb
Nemelex Xobeh
Okawaru
Qazlal
Ru
Sif Muna
Trog
Uskayaw
Vehumet
Wu Jian
Xom
Yredelemnul
Zin
The Shining One


Innate Abilities, Weirdness & Mutations

You are resistant to torment.
Your stone body is resilient. (AC +7)
You are immune to poison.
You resist negative energy. (rN+)
You are resistant to electric shocks. (rElec)
You can survive without breathing.
You are immune to petrification.
You are immune to rotting.
You have sharp toenails.


Message History

The hornet simulacrum hits you. The hornet simulacrum freezes you!
You closely miss the hornet simulacrum.
The hornet simulacrum hits you but does no damage. x2
You hit the hornet simulacrum but do no damage.
The hornet simulacrum hits you but does no damage. x2
You hit the hornet simulacrum.
The hornet simulacrum is moderately damaged.
The hornet simulacrum hits you but does no damage.
You completely miss the hornet simulacrum.
The hornet simulacrum is moderately damaged.
The hornet simulacrum hits you. The hornet simulacrum freezes you!
The hornet simulacrum hits you. The hornet simulacrum freezes you!
* * * LOW HITPOINT WARNING * * *
You hit the hornet simulacrum.
The hornet simulacrum is moderately damaged.
The hornet simulacrum closely misses you.
The hornet simulacrum hits you.
* * * LOW HITPOINT WARNING * * *
The hornet simulacrum freezes you!
You die...

▒▒▒▒▒▒▒▒ ··· ≈·
▒······▒ ▒▒▒▒▒▒'▒ ≈≈·
▒······▒ ▒·······
▒▒·▒▒▒▒······▒▒▒·······
▒··············▒·······
▒············▒†▒·······
▒············▒†r·······
▒······Z·····▒▒▒·······
▒·····@····<·▒ ▒·······
▒▒▒▒▒▒▒▒▒▒▒▒▒▒ ▒▒▒▒▒▒▒▒


You could see a hornet simulacrum.

Vanquished Creatures
  2 two-headed ogres (D:8)
  3 hippogriffs
  Eustachio (D:6)
  Grum (D:8)
  A hungry ghost (D:7)
  2 orc warriors
  A porcupine (D:8)
  A sky beast (D:7)
  A black bear (D:8)
  An ice beast (D:8)
  A phantom (D:6)
  A necrophage (D:7)
  5 wolves
  5 ogres
  A crocodile (D:8)
  2 centaurs (D:8)
  2 big kobolds (D:7)
  7 bullfrogs
  2 gnoll sergeants
  3 scorpions
  4 killer bees (D:9)
  A howler monkey (D:6)
  4 crimson imps
  2 bullfrog zombies
  A quasit (D:7)
  2 centaur zombies (D:5)
  3 hounds
  5 orc priests
  A gnoll shaman (D:5)
  A bullfrog skeleton (D:8)
  2 jellies
  5 orc wizards
  A centaur skeleton (D:8)
  4 worker ants
  A hound skeleton (D:6)
  Robin (D:4)
  A howler monkey skeleton (D:6)
  A worker ant zombie (D:5)
  12 gnolls
  11 adders
  A river rat (D:4)
  2 shadow imps
  5 worms
  A dart slug (D:1)
  6 leopard geckos
  28 orcs
  4 giant cockroaches
  17 goblins
  9 hobgoblins
  10 jackals
  7 quokkas
  3 ball pythons
  6 bats
  3 frilled lizards
  11 kobolds
  2 leopard gecko zombies
  7 rats
228 creatures vanquished.

Vanquished Creatures (others)
  A bullfrog zombie (D:6)
1 creature vanquished.

Grand Total: 229 creatures vanquished

Notes
Turn   | Place    | Note
-------+----------+-------------------------------------------
     0 | D:1      | Azzok the Gargoyle Fighter began the quest for the Orb.
     0 | D:1      | Reached XP level 1. HP: 14/14 MP: 1/1
   119 | D:1      | Reached XP level 2. HP: 20/20 MP: 2/2
   129 | D:1      | Reached skill level 4 in Fighting
   444 | D:2      | Reached XP level 3. HP: 18/24 MP: 3/3
   554 | D:2      | Reached skill level 5 in Fighting
   794 | D:2      | Reached XP level 4. HP: 31/31 MP: 4/4
  1168 | D:2      | Reached skill level 6 in Fighting
  1198 | D:3      | Reached XP level 5. HP: 36/36 MP: 5/5
  1384 | D:3      | Found a glowing golden altar of the Shining One.
  1517 | D:3      | Found a shimmering altar of Xom.
  1617 | D:4      | Found a staircase to the Ecumenical Temple.
  1634 | Temple   | Entered the Ecumenical Temple
  1813 | D:4      | Noticed Robin
  1814 | D:4      | Reached skill level 7 in Fighting
  1859 | D:4      | Killed Robin
  1859 | D:4      | Reached XP level 6. HP: 44/44 MP: 6/6
  1881 | D:4      | Found an iron altar of Okawaru.
  1888 | D:4      | Became a worshipper of Warmaster Okawaru
  2016 | D:4      | Reached skill level 1 in Invocations
  2440 | D:4      | Reached XP level 7. HP: 6/48 MP: 7/9
  2447 | D:4      | Reached skill level 8 in Fighting
  2604 | D:5      | Entered Level 5 of the Dungeon
  2647 | D:5      | Reached * piety under Okawaru
  2827 | D:5      | Noticed a hippogriff
  2837 | D:5      | Killed a hippogriff
  2884 | D:5      | Reached XP level 8. HP: 51/56 MP: 11/11
  2953 | D:5      | Reached skill level 5 in Invocations
  2967 | D:5      | Reached skill level 9 in Fighting
  2983 | D:5      | Got a fine flail
  2984 | D:5      | Identified the +6 flail "Worm" {distort, *Rage rC+ rN+ Str+4} (You found it on level 5 of the Dungeon)
  3075 | D:5      | Gained mutation: You have sharp toenails. [mutagenic glow]
  3760 | D:6      | Found a sparkling altar of Nemelex Xobeh.
  3822 | D:6      | Reached skill level 10 in Fighting
  3830 | D:6      | Reached ** piety under Okawaru
  3892 | D:6      | Reached XP level 9. HP: 62/62 MP: 14/14
  3930 | D:6      | Noticed Eustachio
  3955 | D:6      | Killed Eustachio
  4037 | D:6      | Found a stormy altar of Qazlal.
  4423 | D:7      | Reached skill level 11 in Fighting
  4441 | D:7      | Found a bloodstained altar of Trog.
  4605 | D:7      | Reached *** piety under Okawaru
  4872 | D:8      | Noticed Grum
  4924 | D:8      | Reached XP level 10. HP: 71/71 MP: 17/17
  4985 | D:7      | Reached skill level 12 in Fighting
  5088 | D:7      | Reached skill level 10 in Invocations
  5210 | D:8      | Killed Grum
  5265 | D:8      | Reached **** piety under Okawaru
  5309 | D:8      | Noticed a two-headed ogre
  5381 | D:8      | Killed a two-headed ogre
  5509 | D:8      | Noticed a two-headed ogre
  5536 | D:8      | Killed a two-headed ogre
  5742 | D:8      | Reached skill level 13 in Fighting
  5805 | D:8      | Reached skill level 1 in Bows
  5829 | D:8      | Reached ***** piety under Okawaru
  6041 | D:9      | Received a gift from Okawaru
  6042 | D:9      | Got a pair of heavily runed boots {god gift}
  6106 | D:8      | Identified the -1 pair of boots of Otusox {rN++} (Okawaru gifted it to you on level 9 of the Dungeon)
  6119 | D:9      | Mangled by a hornet simulacrum

Vault maps used:
D:1:      eino_arrival_druids_welcome, minmay_fountain_box
D:3:      tgw_xom, overflow_temple_1_default
D:4:      kennysheep_mini_moat, minmay_temple_entry_overgrown,
          gup_sewer_entry_bowl, first_ration, uniq_robin
D:6:      nemelex_altar_shiori, grunt_qazlal_clouds, uniq_eustachio
D:7:      kennysheep_little_box
D:8:      uniq_grum
D:9:      grunt_lair_entry_orc_guard_hut, serial_ice, serial_ice_c,
          serial_ice_h, serial_ice_n, serial_ice_a, serial_ice_f, serial_ice_g,
          serial_ice_m, serial_ice_b, serial_ice_i, serial_ice_d,
          hangedman_little_slice_of_home, uniq_gastronok
Temple:   regret_index_temple_sphere_string

Skill      XL: |  1  2  3  4  5  6  7  8  9 10 |
---------------+-------------------------------+-----
Fighting       | 4 5 6 7 8 10 11 13 | 13.0
Invocations    | 3 4 7 9 11 | 11.1
Bows           | 3 |  3.9
Long Blades    | |  1.7
Armour         | |  3.2
Shields        | |  3.2

Action                   |  1- 3 |  4- 6 |  7- 9 | 10-12 || total
-------------------------+-------+-------+-------+-------++-------
Melee: Long sword        |   105 |   126 |   148 |    26 ||   405
       Dagger            |       |    85 |   352 |   205 ||   642
       Kick              |       |       |   110 |    70 ||   180
       Punch             |       |       |     1 |       ||     1
Invok: Heroism           |       |       |     1 |       ||     1
  Eat: Chunk             |       |     6 |     8 |     3 ||    17
       Ration            |       |       |     2 |       ||     2
Armor: Scale mail        |    95 |   136 |   192 |       ||   423
       Plate armour      |       |       |   319 |   300 ||   619
Dodge: Dodged            |    78 |   117 |   252 |   139 ||   586
       Rpst.: Long sword |    29 |    29 |    29 |     5 ||    92

Table legend:
 A = Spawn XP
 B = Non-spawn XP
 C = Spawn XP percentage of total XP
 D = Spawn monster count
 E = Non-spawn monster count
 F = Spawn count percentage of total count
 G = Total turns spent on level
                    A         B        C        D         E        F      G
               +---------+---------+-------+---------+---------+-------+---------
         Total |       0 |    9149 |   0.0 |       0 |     228 |   0.0 |  6119
               +---------+---------+-------+---------+---------+-------+---------
           D:1 |       0 |      27 |   0.0 |       0 |      16 |   0.0 |   407
           D:2 |       0 |     117 |   0.0 |       0 |      27 |   0.0 |   755
           D:3 |       0 |      77 |   0.0 |       0 |      20 |   0.0 |   463
           D:4 |       0 |     485 |   0.0 |       0 |      31 |   0.0 |   815
           D:5 |       0 |     935 |   0.0 |       0 |      25 |   0.0 |  1011
           D:6 |       0 |    1273 |   0.0 |       0 |      30 |   0.0 |   703
           D:7 |       0 |    1996 |   0.0 |       0 |      41 |   0.0 |   811
           D:8 |       0 |    3695 |   0.0 |       0 |      31 |   0.0 |   915
           D:9 |       0 |     544 |   0.0 |       0 |       7 |   0.0 |    75
               +---------+---------+-------+---------+---------+-------+---------
